[Event "Botvinnik Cup 2018"]
[Site "Moscow"]
[Date "2018.08.14"]
[Round "7"]
[White "Annageldiyev, Azatgeldi"]
[Black "Egin, Vladimir"]
[Result "1-0"]
[ECO "D00"]
[WhiteElo "1727"]
[BlackElo "2317"]
[Annotator "NA"]
[PlyCount "107"]
[EventDate "2018.08.10"]
[EventCountry "RUS"]
[SourceTitle "playchess.com"]
[Source "ChessBase"]
[SourceQuality "1"]
[TimeControl "5400+30"]

1. d4 d5 2. Bf4 Nf6 3. e3 c5 4. c3 Nc6 5. Nd2 Bf5 6. Ngf3 e6 7. Ne5 {[%emt 0:02:47] D00: 1 d4 d5: Unusual lines} (7. Be2 Bd6 8. dxc5 Bxc5 9. Nd4 Bg6 10. Qa4 O-O 11. Nxc6 bxc6 12. Qxc6 Rc8 13. Qa4 Re8 14. O-O e5 {0-1 (57) Le,Q (2737)-Ding,L (2777) Riadh 2017}) 7... Nxe5 8. Bxe5 Nd7 9. Nf3 a6 10. Bg3 $146 ({Predecessor:} 10. Bd3 Bxd3 11. Qxd3 Nxe5 12. Nxe5 Bd6 13. O-O O-O 14. Rfe1 f6 {½-½ (43) Ypma,J (1542)-Reichardt,R (1855) Assen 2017}) 10... Be7 11. Bd3 Bxd3 12. Qxd3 O-O 13. h4 f5 14. Qe2 b5 15. Ne5 Nxe5 16. Bxe5 Bd6 17. Bf4 cxd4 18. Bxd6 d3 19. Qxd3 Qxd6 20. O-O Rac8 21. b3 Rc5 22. Rfc1 Rfc8 23. Rc2 Qc6 24. Rac1 b4 25. c4 dxc4 26. Rxc4 Qb6 27. Qd4 Rxc4 28. Rxc4 Qb7 29. Rxc8+ Qxc8 30. Qxb4 Qc1+ 31. Kh2 Qc2 32. Qe7 h6 $2 (32... Qc6 $16 {is a better defense.} 33. h5 h6) 33. Qxe6+ Kh8 34. Kg3 ({Much less strong is} 34. Qxa6 Qxf2 35. Qc4 Qxa2 $18) 34... Qc7+ 35. Kf3 Qc2 36. Qc4 Qd1+ 37. Kg3 Qd6+ 38. Kh3 Kh7 39. b4 Qd1 40. Qf4 Qb1 41. a4 Kg6 42. Qg3+ Kh5 43. Qf3+ Kg6 44. Qf4 Qc2 45. b5 axb5 46. axb5 Qb1 47. h5+ Kf6 48. Qd6+ Kf7 49. b6 Qh1+ 50. Kg3 Qxh5 51. b7 g5 52. Qd5+ Kf6 53. Qd4+ Ke6 54. b8=Q {[%emt 0:00:37] Kd5} 1-0

[Event "Botvinnik Cup 2018"]
[Site "Moscow"]
[Date "2018.08.14"]
[Round "7"]
[White "Saryev, Azim"]
[Black "Egin, Vladimir"]
[Result "0-1"]
[ECO "D02"]
[WhiteElo "1586"]
[BlackElo "2317"]
[Annotator "NA"]
[PlyCount "60"]
[EventDate "2018.08.10"]
[EventCountry "RUS"]
[SourceTitle "playchess.com"]
[Source "ChessBase"]
[SourceQuality "1"]
[TimeControl "5400+30"]

1. d4 d5 2. Nf3 Nf6 3. Bf4 c5 4. c3 Qb6 5. Qb3 Nc6 6. e3 c4 7. Qxb6 axb6 8. Na3 Bf5 9. Nh4 {[%emt 0:10:13] D02: 1 d4 d5 2 Nf3 sidelines, including 2...Nf6 3 g3 and 2...Nf6 3 Bf4} (9. Nb5 Kd7 10. Be2 e6 11. O-O Ra5 12. a4 Bc2 13. Ng5 Bg6 14. Rfc1 Be7 15. Nf3 Rha8 16. Nc7 Rc8 {0-1 (35) Javakhishvili,L (2465)-Girya,O (2482) Tbilisi 2018}) 9... Bd7 10. Bc7 e5 11. Nb5 Nb4 $146 ({Predecessor:} 11... Nxd4 12. exd4 Bxb5 13. dxe5 Ng4 14. Be2 Kd7 15. Bxb6 Nxe5 16. O-O Kc6 {1-0 (58) Sillye,K (2094)-Czegledi,L (2162) Hungary 2010}) 12. cxb4 Bxb5 13. f3 Bxb4+ 14. Kf2 exd4 15. exd4 Bd7 16. g4 b5 17. g5 Ng8 18. a3 Be7 19. f4 h6 20. Nf3 b4 21. Bg2 bxa3 22. Rhe1 Rc8 23. Bd6 axb2 24. Rxe7+ Nxe7 25. Re1 Be6 26. g6 Kd7 27. Ba3 Nxg6 28. Bxb2 $19 Nxf4 29. Ne5+ Kc7 30. Rc1 f6 0-1